AoeStats
← Peng

Arabia

510437816Analyzed
1v1 RM · 1d ago on Oct 1, 2026· 42m 50s· 2 players
Game mode
Random Map
Map size
Tiny (2 player)
Population
200
Speed
Normal
Resources
Standard
Victory
Conquest
Starting age
Dark Age
Ending age
Imperial Age
RankedLock teamsTeams togetherTeam positionsShared explorationLock speedFull tech treeHidden civsTurbo modeCheats
Victory
Defeat
🇨🇱 Magyars · Chile
1127
+15
🇺🇸 Magyars · United States
1108
-15
Peng
6:24 Loom
8:53 Feudal Age
10:45 Double-Bit Axe
11:21 Horse Collar
23:10 Castle Age
21:20 Padded Archer Armor
22:00 Fletching
25:17 Pikeman
26:12 Thumb Ring
28:04 Husbandry
28:33 Bodkin Arrow
30:07 Scale Barding Armor
30:10 Scale Mail Armor
31:30 Ballistics
DD2E D10 Bulldozer
6:45 Loom
9:12 Feudal Age
15:14 Scale Barding Armor
14:59 Horse Collar
18:49 Double-Bit Axe
23:32 Castle Age
21:52 Gold Mining
23:00 Bloodlines
24:19 Husbandry
25:24 Wheelbarrow
25:06 Bow Saw
29:39 Elite Skirmisher
30:11 Fletching
30:22 Padded Archer Armor
37:10 Thumb Ring
37:50 Hand Cart
37:31 Stone Mining
38:17 Gold Shaft Mining
38:39 Ballistics
39:56 Bodkin Arrow
44:13 Imperial Age
Connection lost

Rejoining the realm…

Still unreachable

The connection could not be restored.

Session expired

The server has moved on; the page needs a fresh start.